 Dungeon Crawl Stone Soup version 0.30-a0-528-g8c47a4955b (webtiles) character file.

Game seed: 8054770842205873972

1532 drugrobin the Fighter (level 8, 0/75 (79) HPs)
             Began as a Demigod Delver on Dec 23, 2022.
             Slain by a wraith (8 damage)
             ... on level 7 of the Dungeon.
             The game lasted 00:15:08 (7506 turns).

drugrobin the Fighter (Demigod Delver)              Turns: 7506, Time: 00:15:09

HP:   0/75 (79)     AC:  5    Str: 21    XL:     8   Next: 30%
MP:   10/10         EV: 11    Int: 12    God:
Gold: 281           SH:  3    Dex: 15    Spells: 4/7 levels left

rFire   . . .      SeeInvis .    c - +0 falchion
rCold   + . .      Faith    .    v - +0 buckler
rNeg    . . .      Spirit   .    k - +1 leather armour {rC+}
rPois   .          Reflect  .    s - +0 helmet
rElec   .          Harm     .    (no cloak)
rCorr   .          Rampage  .    (no gloves)
Will    +....                    (no boots)
Stlth   +++                      y - amulet of regeneration
HPRegen 1.12/turn                F - ring of willpower
MPRegen 0.12/turn                I - ring of wizardry

@: slowed, drained, very slow
A: high MP 1, forlorn, divine attributes
a: no special abilities


You were on level 7 of the Dungeon.
You visited 1 branch of the dungeon, and saw 7 of its levels.

You collected 463 gold pieces.
You spent 182 gold pieces at shops.

Inventory:

Hand Weapons
 a - a +1 short sword of venom
 b - the +4 sling "Imp's Undoing" {flame, Str+4 Dex+3}
   (You bought it in a shop on level 6 of the Dungeon)

   Any ammunition fired from it burns those it strikes, dealing additional fire
   damage.
   Str:       It affects your strength (+4).
   Dex:       It affects your dexterity (+3).
 c - a +0 falchion (weapon)
 E - a +0 rapier of speed
Missiles
 m - 12 poisoned darts (quivered)
 u - 3 throwing nets
 J - 2 boomerangs
Armour
 e - the +1 chain mail of Brilliance {Will+}
   (You found it on level 5 of the Dungeon)

   Will:      It increases your willpower.
 k - a +1 leather armour of cold resistance (worn)
 r - a +0 scale mail of fire resistance
 s - a +0 helmet (worn)
 v - a +0 buckler (worn)
Magical Staves
 G - a staff of conjuration
Jewellery
 y - an amulet of regeneration (around neck)
 F - a ring of willpower (left hand)
 I - a ring of wizardry (right hand)
Wands
 g - a wand of digging (3)
 t - a wand of flame (17)
 A - a wand of quicksilver (1)
Scrolls
 d - a scroll of magic mapping
 h - 6 scrolls of identify {unknown}
 j - a scroll of immolation {unknown}
 n - 3 scrolls of fog
 o - 2 scrolls of blinking {unknown}
 p - 3 scrolls of enchant armour {unknown}
 q - a scroll of vulnerability {unknown}
 w - 4 scrolls of teleportation {unknown}
 x - a scroll of torment {unknown}
 B - 2 scrolls of noise {unknown}
Potions
 f - a potion of haste
 i - 3 potions of curing
 l - 4 potions of invisibility {unknown}
 z - 3 potions of cancellation {unknown}
 C - a potion of brilliance {unknown}
 D - 2 potions of attraction {unknown}
Miscellaneous
 H - a piece from Xom's chessboard (15/15)


   Skills:
 + Level 10.3 Fighting
 - Level 1.7 Long Blades
 - Level 1.7 Dodging
 - Level 4.5 Stealth


You had 4 spell levels left.
You knew the following spells:

 Your Spells              Type           Power      Damage    Failure   Level
a - Wereblood             Tmut           0%         N/A       32%         2
b - Shock                 Conj/Air       0%         1d3       21%         1

Your spell library contained the following spells:

 Spells                   Type           Power      Damage    Failure   Level
 Sublimation of Blood     Necr           0%         N/A       32%         2
 Gell's Gravitas          Tloc           0%         N/A       52%         3
 Lesser Beckoning         Tloc           0%         N/A       52%         3
 Swiftness                Air            0%         N/A       52%         3
 Teleport Other           Tloc           0%         N/A       52%         3
 Airstrike                Air            0%         2d(0-16)  88%         4
 Summon Hydra             Summ           0%         N/A       100%        7


Dungeon Overview and Level Annotations

Branches:
Dungeon (7/15)             Temple (0/1) D:5

Shops:
D:6 (

Annotations:
D:5 2 transporters, Vadun's ghost, amateur AtFi


Innate Abilities, Weirdness & Mutations

You have an increased reservoir of magic. (+10% MP)
You shall have no god before yourself.
Your divine heritage dramatically boosts your attributes as you level up.


Message History

The wraith hits you.
* * * LOW HITPOINT WARNING * * *
The wraith drains your vigour!
You feel as though you will be slow longer.
Unknown command.
Unknown command.
Unknown command.
Unknown command.
You hit the wraith but do no damage.
The wraith is almost destroyed.
The wraith barely misses you. The wraith hits you but does no damage.
Unknown command.
Unknown command.
Unknown command.
Unknown command.
Unknown command.
You hit the wraith but do no damage.
The wraith is almost destroyed.
The wraith closely misses you.
Unknown command.
Unknown command.
You hit the wraith.
The wraith is almost destroyed.
The wraith hits you!
* * * LOW HITPOINT WARNING * * *
The wraith drains your vigour!
You feel as though you will be slow longer.
The wraith closely misses you.
Unknown command.
Unknown command.
Unknown command.
Unknown command.
You hit the wraith but do no damage.
The wraith is almost destroyed.
The wraith hits you but does no damage. The wraith hits you.
* * * LOW HITPOINT WARNING * * *
The wraith drains your vigour!
You feel as though you will be slow longer.
The wraith hits you!
You die...

### ## #.. . #.#
.# #.##.# #....##
#.....# #W###...#
#@# ... #.# . #.#
.# #.# #.# #.#
#.######## #.#
#.##.....#
#.###.##.##.##
#.##...#.#...#####
#.................


You could see a wraith.

Vanquished Creatures
  3 water moccasins (D:5)
  2 black bears (D:4)
  2 centaurs (D:5)
  A phantom (D:4)
  A necrophage (D:6)
  3 electric eels (D:6)
  A jelly (D:5)
  2 orc priests (D:3)
  A gnoll bouda (D:5)
  3 hounds
  2 iguanas (D:5)
  7 gnolls (D:5)
  8 adders
  10 river rats (D:5)
  4 worms
  6 orcs
  6 bats
  5 endoplasms
  A giant cockroach (D:3)
  6 goblins
  13 hobgoblins
  8 jackals
  11 quokkas
  11 ball pythons
  4 frilled lizards
  7 kobolds
  20 rats
148 creatures vanquished.

Vanquished Creatures (others)
  4 plants (D:5)
4 creatures vanquished.

Grand Total: 152 creatures vanquished

Notes
Turn   | Place    | Note
-------+----------+-------------------------------------------
     0 | D:5      | drugrobin the Demigod Delver began the quest for the Orb.
     0 | D:5      | Reached XP level 1. HP: 18/18 MP: 3/3
     7 | D:5      | Found a staircase to the Ecumenical Temple.
    20 | D:5      | Noticed a centaur
    54 | D:4      | Noticed a black bear
    92 | D:4      | Noticed a phantom
   108 | D:4      | Killed a phantom
   109 | D:4      | Reached skill level 4 in Fighting
   109 | D:4      | Reached XP level 2. HP: 13/28 MP: 4/4
   109 | D:4      | Reached XP level 3. HP: 16/34 MP: 5/5
   245 | D:4      | Reached XP level 4. HP: 41/41 MP: 6/6
   380 | D:4      | Noticed a black bear
   868 | D:2      | Reached skill level 5 in Fighting
  1717 | D:2      | Learned a level 2 spell: Wereblood
  1946 | D:1      | Reached XP level 5. HP: 48/48 MP: 7/7
  2133 | D:1      | Learned a level 1 spell: Shock
  2870 | D:3      | Reached skill level 6 in Fighting
  3362 | D:4      | Killed a black bear
  3363 | D:4      | Reached XP level 6. HP: 30/58 MP: 8/8
  3547 | D:4      | Reached skill level 7 in Fighting
  3768 | D:5      | Noticed a water moccasin
  3777 | D:5      | Killed a water moccasin
  3778 | D:5      | Reached skill level 8 in Fighting
  3778 | D:5      | Reached XP level 7. HP: 20/68 MP: 9/9
  4016 | D:5      | Found a transporter.
  4811 | D:5      | Found a transporter.
  4811 | D:5      | Noticed Vadun's ghost (amateur AtFi)
  5166 | D:5      | Identified the +1 chain mail of Brilliance {Will+}
  5175 | D:5      | Reached skill level 9 in Fighting
  5426 | D:5      | Reached XP level 8. HP: 73/78 MP: 10/10
  6178 | D:6      | Found Vobaim's Antique Weapon Shop.
  6193 | D:6      | Bought an ebony sling for 182 gold pieces
  6193 | D:6      | Identified the +4 sling "Imp's Undoing" {flame, Str+4
                  | Dex+3} (You bought it in a shop on level 6 of the Dungeon)
  6213 | D:6      | Reached skill level 10 in Fighting
  7506 | D:7      | Slain by a wraith

Illustrated notes

Levels and vault maps discovered:
D:1:      wander_arrival_chamber, layout_loops_ring, kennysheep_pointless_box,
          minmay_indecisive_spiral
D:2:      minmay_angry_zag, layout_basic
D:3:      layout_basic, grunt_temple_overflow_open
D:4:      layout_cave_pools, serial_column_ruins, column_ruins_open_tiny,
          column_ruins_grid_1, column_ruins_columns_plus,
          column_ruins_open_small_water, column_ruins_open_tiny,
          column_ruins_open_large, solitary_fountain
D:5:      lemuel_ratsnest, layout_basic, elyvilon_altar_1,
          minmay_temple_entry_gardened_gates, gammafunk_ghost_arena,
          corexii_shack
D:6:      layout_basic, xom_butterflies, serial_shops,
          nicolae_shop_window_shopping, kennysheep_boxes
D:7:      layout_loops_ring, minitemple, fountainhead

Skill      XL: |  1  2  3  4  5  6  7  8 |
---------------+-------------------------+-----
Fighting       | 4 5 6 8 9 10 | 10.3
Long Blades    | |  1.7
Dodging        | |  1.7
Stealth        | |  4.5

Action                   |  1- 3 |  4- 6 |  7- 9 || total
-------------------------+-------+-------+-------++-------
Melee: Falchion          |    20 |   160 |    35 ||   215
       Short sword       |       |   142 |   240 ||   382
       Rapier            |       |       |    19 ||    19
 Fire: Sling             |       |    36 |    19 ||    55
Throw: Dart              |       |     3 |     4 ||     7
 Cast: Shock             |       |       |     1 ||     1
Evoke: Wand              |       |     2 |       ||     2
  Use: Potion            |       |       |     5 ||     5
       Scroll            |       |       |     1 ||     1
 Stab: Sleeping          |     1 |    10 |     4 ||    15
Armor: Leather armour    |     6 |    98 |    73 ||   177
Dodge: Dodged            |    10 |   184 |   155 ||   349
Block: Buckler           |       |    25 |    41 ||    66

Table legend: (Time is in decaauts)
 A = Elapsed time spent in this place.
 B = Non-inter-level travel time spent in this place.
 C = Inter-level travel time spent in this place.
 D = Time resting spent in this place.
 E = Time spent auto-exploring this place.
 F = Levels seen in this place.
 G = Mean time per level.
                   A        B        C        D        E       F      G
               +--------+--------+--------+--------+--------+-----+--------+
         Total |   7571 |   7223 |    348 |   1157 |   4163 |   7 | 1081.6 |
       Dungeon |   7571 |   7223 |    348 |   1157 |   4163 |   7 | 1081.6 |
               +--------+--------+--------+--------+--------+-----+--------+

Top non-repeatable levels by time:
     D:5: 1960 daAuts
     D:6: 1587 daAuts
     D:2: 1178 daAuts
     D:4: 1018 daAuts
     D:3: 876 daAuts
     D:1: 817 daAuts
     D:7: 133 daAuts
